 Dungeon Crawl Stone Soup version 0.32-a0-765-gfba4d74c8c (webtiles) character file.

Game seed: 6473790709221119562

3835 Nvm9 the Fighter (level 9, -3/11 HPs)
             Began as a Demonspawn Fighter on Mar 18, 2024.
             Was a Follower of Okawaru.
             Slain by an orc
             ... wielding a +0 falchion
              (5 damage)
             ... on level 8 of the Dungeon.
             The game lasted 00:17:28 (7795 turns).

Nvm9 the Fighter (Demonspawn Fighter)               Turns: 7795, Time: 00:17:29

Health: -3/11      AC:  1    Str: 28 (31) XL:     9   Next: 98%
Magic:  0/9        EV:  6    Int:  6 (8)  God:    Okawaru [*.....]
Gold:   357        SH:  5    Dex: 16 (19) Spells: 8/8 levels left

rFire   + + .        t - melded +0 long sword (drain)
rCold   x . .        c - melded +1 buckler
rNeg    . . .        o - melded +0 chain mail
rPois   +            (helmet currently unavailable)
rElec   .            (cloak currently unavailable)
rCorr   .            s - melded +0 pair of gloves
SInv    .            (boots currently unavailable)
Will    .....        p - amulet of reflection
Stlth   +            i - +6 ring of dexterity
HPRegen 0.21/turn    (no ring)
MPRegen 0.22/turn

%: reflection, guardian spirit
@: mighty, dragon-form, flying
A: dragon claw, dragon scales, breathe fire, flying, reduced hp, giant, powered
by pain 1, magic shield, magic regeneration, (sharp scales 1), screaming 1
a: Breathe Fire, Begin Untransformation, Renounce Religion, Heroism


You were on level 8 of the Dungeon.
You worshipped Okawaru.
Okawaru was aware of your devotion.
You were a fearsome dragon!
You visited 2 branches of the dungeon, and saw 9 of its levels.
You also visited: Sewer.

You collected 357 gold pieces.

Inventory:

Hand Weapons
 a - a +0 war axe of venom
 h - a +2 whip of flaming
 j - a +2 whip of flaming
 n - a +0 whip
 t - a +0 long sword of draining (melded)
 v - a +2 heavy flail
 z - a +0 war axe
 A - a +0 war axe
Missiles
 e - 4 silver javelins (quivered)
 f - 44 poisoned darts
 r - a throwing net
Armour
 b - a +0 scale mail
 c - a +1 buckler (melded)
 o - a +0 chain mail (melded)
 s - a +0 pair of gloves (melded)
 u - +1 steam dragon scales
Magical Staves
 w - a staff of earth
Jewellery
 i - a +6 ring of dexterity (left foreclaw)
 p - an amulet of reflection (around neck)
Talismans
 d - a flux talisman
 H - a serpent talisman
 I - a dragon-blood talisman (active)
Wands
 E - a wand of paralysis (8)
Scrolls
 l - 8 scrolls of identify
 m - 2 scrolls of teleportation
 y - a scroll of immolation
 B - a scroll of revelation {unknown}
 C - a scroll of enchant armour
 F - a scroll of fear
 G - a scroll of fog {unknown}
 J - a scroll of poison {unknown}
Potions
 g - 2 potions of brilliance
 k - a potion of mutation
 q - a potion of attraction
 x - a potion of invisibility


   Skills:
 * Level 8.2 Fighting
 + Level 2.5 Long Blades
 + Level 5.1 Axes
 * Level 7.3 Armour
 * Level 7.3 Shields


You had 8 spell levels left.
You didn't know any spells.
Your spell library contained the following spells:

 Spells                   Type           Power      Damage    Failure   Level
 Shock                    Conj/Air       0%         1d3       45%         1
 Ozocubu's Refrigeration  Ice            0%         4d7       100%        7
 Polar Vortex             Ice            0%         N/A       100%        9
 Sculpt Simulacrum        Ice/Alch       Unusable   N/A       N/A         6

Dungeon Overview and Level Annotations

Branches:
Dungeon (8/15)             Temple (1/1) D:4           Sewer (visited)
   Lair: D:8-11

Altars:
Cheibriados
Dithmenos
Fedhas
Gozag
Nemelex Xobeh
Okawaru
Sif Muna
Trog
Vehumet
Xom

Shops:
D:6 =


Innate Abilities, Weirdness & Mutations

You are a fearsome dragon!
You have a powerful clawing attack.
Your giant scaled body is strong and resilient, but less evasive.
You can breathe fire.
You are flying.
Your maximum health is decreased, since you lack skill for your form.
Your armour is entirely melded.
You are incapable of wielding weapons or throwing items.
You sometimes gain a little power by taking damage.
When hurt, damage is shared between your health and your magic reserves.
You regenerate magic rapidly.
((You are partially covered in razor-sharp scales. (AC +1, Slay +1)))
You occasionally shout uncontrollably at your foes.


Message History

J - a scroll labelled URAAT HUATS
There is a glowing golden altar of the Shining One here.
Found a blossoming altar of Fedhas.
An orc comes into view. It is wielding a +0 club.
An orc is nearby!
The orc shouts!
An orc comes into view. It is wielding a +0 trident.
An orc comes into view. It is wielding a +0 falchion.
An orc wizard comes into view. It is wielding a +0 dagger.
The orc shouts! x2
You hit the orc.
The orc is moderately wounded.
You claw the orc!
You kill the orc!
The orc hits you with a +0 trident.
You hit the orc.
The orc is moderately wounded.
The orc hits you with a +0 trident.
The orc wizard casts a spell.
The orc wizard flickers and vanishes!
Deactivating autopickup; reactivate with Ctrl-A.
You are too injured to fight recklessly!
You are too injured to fight recklessly!
You are too injured to fight recklessly!
You are too injured to fight recklessly!
You barely miss the orc.
The orc is moderately wounded.
You hit the orc.
The orc is almost dead.
The orc hits you with a +0 trident!
* * * LOW HITPOINT WARNING * * *
You focus on the pain.
You feel your power returning. The orc hits you with a +0 falchion.
Unknown command.
You feel better. The orc hits you with a +0 trident!
* * * LOW HITPOINT WARNING * * *
You focus on the pain.
You feel very mighty all of a sudden. The orc hits you with a +0 falchion!
You die...

.....PPPPP..._.....##
...PPP.....#....#...##
PPPP.....######......##
.....##..## ##.......#
#..####...####.........
.............+.........
######$...####.........
#).#.## ##.....<.#
##Do.# ##.....## #o###
##...## #.# ##+## #.#
#.# #.# ... #.#


You could see 2 orcs.

Vanquished Creatures
  Pikel (D:5)
  A manticore (D:7)
  Maggie (D:5)
  Grinder (D:5)
  Sigmund (D:6)
  2 humans (D:7)
  2 steam dragons (D:7)
  Edmund (D:6)
  2 water moccasins
  3 ice beasts
  A black bear (D:4)
  An ogre (D:5)
  A centaur (D:6)
  5 kobold brigands (Sewer)
  A brain worm (Sewer)
  A bullfrog (D:6)
  2 scorpions
  2 bombardier beetles
  A jelly (D:5)
  2 hounds
  An orc priest (D:3)
  Jessica (D:3)
  A sleepcap (D:4)
  A gnoll (D:3)
  4 adders
  4 river rats (Sewer)
  2 shadow imps (D:5)
  2 white imps
  A dart slug (D:1)
  7 ribbon worms
  13 orcs
  7 ball pythons
  6 bats
  9 endoplasms
  3 giant cockroaches
  5 goblins
  7 hobgoblins
  2 jackals (D:1)
  9 kobolds
  2 quokkas
  A frilled lizard (D:1)
  6 rats
  A butterfly (D:4)
127 creatures vanquished.

Notes
Turn   | Place    | Note
-------+----------+-------------------------------------------
     0 | D:1      | Nvm9 the Demonspawn Fighter began the quest for the Orb.
     0 | D:1      | Reached XP level 1. HP: 18/18 MP: 1/1
   132 | D:1      | Gained mutation: You are partially covered in razor-sharp
                  | scales. (AC +1, Slay +1) [demonic ancestry]
   132 | D:1      | Reached XP level 2. HP: 24/24 MP: 2/2
   860 | D:2      | Gained mutation: You regenerate magic rapidly. [demonic
                  | ancestry]
   860 | D:2      | Reached XP level 3. HP: 26/29 MP: 3/3
   877 | D:2      | Found a faded altar of an unknown god.
  1795 | D:3      | Found a shadowy altar of Dithmenos.
  1816 | D:3      | Reached XP level 4. HP: 37/37 MP: 4/4
  1832 | D:3      | Noticed Jessica
  1837 | D:3      | Found a shimmering blue altar of Sif Muna.
  1841 | D:3      | Killed Jessica
  1842 | D:3      | Reached skill level 4 in Fighting
  1899 | D:3      | Found a snail-covered altar of Cheibriados.
  1908 | D:3      | Reached XP level 5. HP: 33/42 MP: 5/5
  2046 | D:3      | Found a glowing drain.
  2065 | Sewer    | Entered a sewer
  2440 | Sewer    | Reached XP level 6. HP: 45/49 MP: 6/6
  3108 | Sewer    | Reached skill level 5 in Fighting
  3137 | Sewer    | Gained mutation: When hurt, damage is shared between your
                  | health and your magic reserves. [demonic ancestry]
  3137 | Sewer    | Reached XP level 7. HP: 50/56 MP: 7/7
  3145 | Sewer    | Gained mutation: You have sharp toenails. [potion of
                  | mutation]
  3145 | Sewer    | Gained mutation: You are frail. (-10% HP) [potion of
                  | mutation]
  3146 | Sewer    | Lost mutation: You have sharp toenails. [potion of
                  | mutation]
  3146 | Sewer    | Lost mutation: You are frail. (-10% HP) [potion of
                  | mutation]
  3146 | Sewer    | Gained mutation: You occasionally shout uncontrollably at
                  | your foes. [potion of mutation]
  3575 | D:3      | Got Sif Muna's Cyclopedia of the Storm
  3580 | D:3      | Found a bloodstained altar of Trog.
  3823 | D:4      | Found a staircase to the Ecumenical Temple.
  3848 | Temple   | Entered the Ecumenical Temple
  3877 | D:4      | Found an opulent altar of Gozag.
  4256 | D:4      | Found a shimmering altar of Xom.
  4526 | D:4      | Reached skill level 5 in Armour
  4600 | D:5      | Entered Level 5 of the Dungeon
  4607 | D:5      | Reached skill level 5 in Shields
  4836 | D:5      | Reached XP level 8. HP: 64/64 MP: 8/8
  4947 | D:5      | Reached skill level 6 in Fighting
  5166 | D:5      | Noticed Grinder
  5168 | D:5      | Paralysed by Grinder for 5 turns
  5183 | D:5      | Killed Grinder
  5446 | D:6      | Noticed Maggie
  5486 | D:5      | Killed Maggie
  5518 | D:6      | Noticed Edmund
  5529 | D:6      | Killed Edmund
  5530 | D:6      | Reached skill level 7 in Fighting
  5548 | D:6      | Noticed Pikel
  5579 | D:5      | Killed Pikel
  5580 | D:5      | Reached skill level 1 in Long Blades
  5580 | D:5      | Gained mutation: You sometimes gain a little power by
                  | taking damage. [demonic ancestry]
  5580 | D:5      | Reached XP level 9. HP: 14/72 MP: 2/9
  5880 | D:6      | Noticed Sigmund
  5894 | D:6      | Killed Sigmund
  6019 | D:6      | Found Noochawn's One-of-a-Kind Rings.
  6301 | D:7      | Found an iron altar of Okawaru.
  6461 | D:7      | Became a worshipper of Warmaster Okawaru
  6475 | D:7      | Found a radiant altar of Vehumet.
  6487 | D:7      | Reached skill level 5 in Axes
  6554 | D:7      | Noticed a manticore
  6831 | D:7      | Killed a manticore
  6832 | D:7      | Reached skill level 8 in Fighting
  7045 | D:7      | Reached * piety under Okawaru
  7782 | D:8      | Found a blossoming altar of Fedhas.
  7795 | D:8      | Slain by an orc

Illustrated notes

Levels and vault maps discovered:
D:1:      minmay_arrival_shattered_statue, layout_loops_ring
D:2:      layout_loops_cross, shapermc_ecumenical_altar_mp_urbaneastern
D:3:      layout_loops_cross, nzn_overflow_gifts_of_might_and_magic,
          slow_altar_2, nicolae_dithmenos_shadow_blocks,
          cheibrodos_sewer_entry_bend, amcnicky_mini_rare_corridor_liquid
D:4:      layout_loops_cross, xom_butterflies, grunt_gozag_breadcrumbs,
          minmay_temple_entry_butterflies
D:5:      layout_gridville, uniq_grinder
D:6:      layout_rooms, nicolae_shop_unique_rings, kennysheep_small_square,
          uniq_maggie, uniq_edmund, uniq_pikel, uniq_sigmund
D:7:      layout_loops_corners, okawaru_humans, fiery_altar_vehumet
D:8:      layout_loops_corners, overflow_temple_1_default,
          mainiacjoe_overflow_catch_the_wave
Temple:   ebering_the_one_and_only

Skill      XL: |  1  2  3  4  5  6  7  8  9 |
---------------+----------------------------+-----
Axes           | 2 3 4 5 |  5.1
Armour         | 3 4 5 6 7 |  7.3
Shields        | 3 4 5 6 7 |  7.3
Fighting       | 4 5 7 8 |  8.2
Long Blades    | 1 2 |  2.5

Action                     |  1- 3 |  4- 6 |  7- 9 || total
---------------------------+-------+-------+-------++-------
  Melee: War axe           |   104 |   154 |   152 ||   410
         Long sword        |       |       |   137 ||   137
         Unarmed           |       |       |     5 ||     5
    Use: Scroll            |     4 |       |     5 ||     9
         Potion            |     1 |     1 |    10 ||    12
 Armour: Scale mail        |    88 |   104 |    68 ||   260
         Chain mail        |       |       |   149 ||   149
         Skin              |       |       |     6 ||     6
  Dodge: Dodged            |    43 |    52 |   100 ||   195
  Block: Buckler           |    31 |    60 |   210 ||   301
         Reflection        |       |       |     3 ||     3
   Form: Dragon            |       |       |     1 ||     1

Table legend: (Time is in decaauts)
 A = Elapsed time spent in this place.
 B = Non-inter-level travel time spent in this place.
 C = Inter-level travel time spent in this place.
 D = Time resting spent in this place.
 E = Time spent auto-exploring this place.
 F = Levels seen in this place.
 G = Mean time per level.
                   A        B        C        D        E       F      G
               +--------+--------+--------+--------+--------+-----+--------+
         Total |   8222 |   8082 |    140 |   1910 |   3820 |  10 |  822.2 |
       Dungeon |   6502 |   6362 |    140 |   1314 |   3508 |   8 |  812.8 |
        Temple |     14 |     14 |      0 |      0 |      0 |   1 |   14.0 |
         Sewer |   1705 |   1705 |      0 |    596 |    312 |   1 | 1705.0 |
               +--------+--------+--------+--------+--------+-----+--------+

Top non-repeatable levels by time:
   Sewer: 1705 daAuts
     D:7: 1606 daAuts
     D:5: 1113 daAuts
     D:3: 856 daAuts
     D:1: 824 daAuts
     D:2: 789 daAuts
     D:4: 778 daAuts
     D:6: 506 daAuts
     D:8: 26 daAuts
  Temple: 14 daAuts
